 Dungeon Crawl Stone Soup version 0.28.0-49-g6dfe1f597d (webtiles) character file.

Game seed: 4742952210081848580

1 NinjaNoafa the Firebug (level 1, 17/17 HPs)
             Began as a Draconian Wanderer on May 11, 2022.
             Quit the game on level 1 of the Dungeon.
             The game lasted 00:00:23 (47 turns).

NinjaNoafa the Firebug (Draconian Wanderer)           Turns: 47, Time: 00:00:24

Health: 17/17      AC:  5    Str: 12    XL:     1   Next: 16%
Magic:  2/2        EV: 12    Int: 11    God:
Gold:   0          SH:  0    Dex: 13    Spells: 1/2 levels left

rFire   . . .      SeeInvis .   a - +0 short sword
rCold   . . .      Faith    .   (no shield)
rNeg    . . .      Spirit   .   (armour unavailable)
rPois   .          Reflect  .   (helmet restricted)
rElec   .          Harm     .   b - +0 cloak
rCorr   .          Rampage  .   (no gloves)
Will    .....                   (no boots)
Stlth   +.........              (no amulet)
HPRegen 0.05/turn               (no ring)
MPRegen 0.08/turn               (no ring)

@: no status effects
A: AC +4, unfitting armour, cold-blooded
a: no special abilities


You were on level 1 of the Dungeon.
You visited 1 branch of the dungeon, and saw 1 of its levels.

Inventory:

Hand Weapons
 a - a +0 short sword (weapon)
Armour
 b - a +0 cloak (worn)


   Skills:
 + Level 2.2 Fighting
 - Level 1.0 Short Blades
 + Level 1.8 Dodging
 + Level 1.0 Spellcasting
 + Level 0.0 Conjurations
 + Level 4.0 Fire Magic


You had one spell level left.
You knew the following spells:

 Your Spells              Type           Power      Damage    Failure   Level
a - Foxfire               Conj/Fire      20%        2x1d5     14%         1

Your spell library contained the following spells:

 Spells                   Type           Power      Damage    Failure   Level
 Inner Flame              Hex/Fire       4%         N/A       38%         3
 Sticky Flame             Conj/Fire      5%         2d3       80%         4


Dungeon Overview and Level Annotations

Branches:
Dungeon (1/15)

Altars:


Innate Abilities, Weirdness & Mutations

Your plain brown scales are hard. (AC +4)
You cannot fit into any form of body armour.
You are cold-blooded and may be slowed by cold attacks.


Message History

Welcome, NinjaNoafa the Draconian Wanderer.
Below lies the Orb of Zot, rumoured to be powerful enough to resurrect a god...
Press ? for a list of commands and other information.
Found a staircase leading out of the dungeon.
You begin with the following items: a +0 short sword, a +0 cloak; and the following spell memorised: Foxfire; and the following spells available to memorise: Inner Flame, Sticky Flame.
Okay, then.
Okay, then.
A kobold comes into view. It is wielding a +0 dagger.
A kobold is nearby!
A kobold is nearby!
The kobold shouts!
Casting: Foxfire (safe; 14% risk of failure)
Confirm with . or Enter, or press ? or * to list all spells.
You conjure some foxfire!
The kobold hits you but does no damage.
Casting: Foxfire (safe; 14% risk of failure)
Confirm with . or Enter, or press ? or * to list all spells.
You conjure some foxfire!
The foxfire hits the kobold.
The kobold is heavily wounded.
The foxfire hits the kobold.
The kobold is severely wounded.
The kobold barely misses you.
The foxfire hits the kobold.
You kill the kobold!
Magic restored.
Things that are here:
a +0 dagger; a kobold corpse You open the door.
There is an open door here.
Found a hand axe.
Are you sure you want to abandon this character and quit the game? (Confirm with "yes".)

.................
.................
................. .
...............# ..
...............+ ..)
........##.....# ....
.........#.##### .....
........)...# ####......
......####..###.@.......
......8# #..#.'.........
...8...# #....#.........
......8#...######.......
......##.#.. .......
8<8#####.#.. .......
#### # ... .####.. ....
.. .. ...


There were no monsters in sight!

Vanquished Creatures
  A kobold (D:1)
1 creature vanquished.

Vanquished Creatures (others)
  3 foxfires (D:1)
3 creatures vanquished.

Grand Total: 4 creatures vanquished

Notes
Turn   | Place    | Note
-------+----------+-------------------------------------------
     0 | D:1      | NinjaNoafa the Draconian Wanderer began the quest for the
                  | Orb.
     0 | D:1      | NinjaNoafa set off with the following items: a +0 short
                  | sword, a +0 cloak; and the following spell memorised:
                  | Foxfire; and the following spells available to memorise:
                  | Inner Flame, Sticky Flame
     0 | D:1      | Reached XP level 1. HP: 17/17 MP: 2/2
    47 | D:1      | Quit the game

Illustrated notes

Levels and vault maps discovered:
D:1:      mrwooster_arrival_statue_2, layout_basic

Action                   || total
-------------------------++-------
 Cast: Foxfire           ||     2
Armor: Skin              ||     1
Dodge: Dodged            ||     1
